 Dungeon Crawl Stone Soup version 0.27-a0-1188-g73eefd5def (webtiles) character file.

Game seed: 8100414345411260376

2998 Glokmah the Cleaver (level 9, -1/63 (71) HPs)
             Began as a Demonspawn Monk on May 22, 2021.
             Was a Believer of Okawaru.
             Slain by a wight
             ... wielding a +0 halberd
              (4 damage)
             ... on level 8 of the Dungeon.
             The game lasted 00:21:13 (8750 turns).

Glokmah the Cleaver (Demonspawn Monk)               Turns: 8750, Time: 00:21:14

HP:   -1/63 (71)    AC:  9    Str: 14    XL:     9   Next: 54%
MP:   12/13         EV: 12    Int: 12    God:    Okawaru [**....]
Gold: 913           SH:  0    Dex: 16    Spells: 11/14 levels left

rFire    . . .     SeeInvis .   b - +1 hand axe (flame)
rCold    . . .     Faith    .   (no shield)
rNeg     . . .     Spirit   .   w - +0 troll leather armour {Purgy}
rPois    .         Reflect  .   q - +0 helmet
rElec    .         Harm     .   h - +0 cloak
rCorr    .         Rampage  .   D - +1 pair of gloves
Will     .....                  (no boots)
Stlth    ++........             (no amulet)
HPRegen  1.20/turn              p - ring of flight
MPRegen  0.26/turn              (no ring)

@: flying, heavily drained
A: demonic guardian 1, magic regeneration, sharp scales 1
a: Renounce Religion, Heroism


You were on level 8 of the Dungeon.
You worshipped Okawaru.
Okawaru was pleased with you.
You visited 2 branches of the dungeon, and saw 9 of its levels.
You also visited: Sewer.

You collected 913 gold pieces.

Inventory:

Hand Weapons
 a - a +0 hand axe of freezing
 b - a +1 hand axe of flaming (weapon)
 E - a +0 war axe
Missiles
 n - 2 throwing nets (quivered)
 y - 67 poisoned darts
Armour
 g - a +0 scale mail
 h - a +0 cloak (worn)
 q - a +0 helmet (worn)
 w - a +0 troll leather armour (worn) {Purgy}
 A - a +0 buckler
 D - a +1 pair of gloves (worn)
Magical Staves
 x - a staff of cold
Jewellery
 p - a ring of flight (left hand)
Wands
 t - a wand of flame (31)
Scrolls
 d - a scroll of fog {unknown}
 f - a scroll of magic mapping
 i - 6 scrolls of teleportation
 u - 4 scrolls of fear
 z - a scroll of holy word {unknown}
 B - a scroll of torment {unknown}
 C - 2 scrolls of enchant armour {unknown}
Potions
 c - 3 potions of attraction
 e - 2 potions of might
 j - 3 potions of flight {unknown}
 l - 2 potions of curing {unknown}
 m - 3 potions of brilliance {unknown}
 o - a potion of magic {unknown}
 r - 3 potions of mutation {unknown}
 s - 4 potions of haste
 v - 2 potions of invisibility {unknown}


   Skills:
 + Level 6.8 Fighting
 * Level 8.5 Axes
 - Level 2.6 Dodging
 - Level 1.7 Stealth
 - Level 3.0 Spellcasting
 * Level 5.5 Ice Magic
 * Level 4.6 Invocations


You had 11 spell levels left.
You knew the following spells:

 Your Spells              Type           Power      Damage    Failure   Level
a - Frozen Ramparts       Ice            30%        1d5       10%         3

Your spell library contained the following spells:

 Spells                   Type           Power      Damage    Failure   Level
 Freeze                   Ice            60%        1d8       3%          1
 Ozocubu's Armour         Ice            15%        N/A       10%         3
 Animate Skeleton         Necr           2%         N/A       30%         1
 Corona                   Hex            1%         N/A       30%         1
 Foxfire                  Conj/Fire      4%         2x1d4     30%         1
 Pain                     Necr           4%         1d4       30%         1
 Slow                     Hex            1%         N/A       43%         2
 Conjure Flame            Conj/Fire      1%         6-21      67%         3
 Inner Flame              Hex/Fire       1%         N/A       67%         3
 Portal Projectile        Hex/Tloc       2%         N/A       67%         3
 Vampiric Draining        Necr           0%         2d6       67%         3
 Hailstorm                Conj/Ice       8%         3d4       69%         4
 Metabolic Englaciation   Hex/Ice        4%         N/A       95%         5
 Animate Dead             Necr           0%         N/A       97%         4
 Cause Fear               Hex            0%         N/A       97%         4
 Leda's Liquefaction      Hex/Erth       0%         N/A       97%         4
 Sticky Flame             Conj/Fire      1%         2d3       97%         4
 Agony                    Necr           1%         N/A       100%        5
 Fireball                 Conj/Fire      0%         3d3       100%        5


Dungeon Overview and Level Annotations

Branches:
Dungeon (8/15)             Temple (1/1) D:7           Sewer (visited)
   Lair: D:8-11

Altars:
Ashenzari
Cheibriados
Dithmenos
Elyvilon
Fedhas
Gozag
Hepliaklqana
Kikubaaqudgha
Nemelex Xobeh
Okawaru
Qazlal
Ru
Sif Muna
Trog
Uskayaw
Vehumet
Wu Jian
Xom
Zin
The Shining One

Shops:
D:2 *

Annotations:
D:6 3 runed translucent doors, Froggeryz's ghost, novice OpTm


Innate Abilities, Weirdness & Mutations

A weak demonic guardian rushes to your aid.
You regenerate magic rapidly.
You are partially covered in razor-sharp scales. (AC +1, Slay +1)


Message History

The frozen ramparts melt away.
Your white imp closely misses the wight.
The wight barely misses you. The wight closely misses you.
The wight hits your white imp with a +2 war axe.
You hit the wight. You burn the wight.
The wight is heavily damaged.
Your white imp gestures at the wight.
The puff of frost hits the wight but does no damage.
The wight closely misses you.
The wight hits your white imp with a +2 war axe!
Your white imp dies!
The wight hits you but does no damage.
You hit the wight. You burn the wight.
The wight is severely damaged.
The wight hits you from afar with a +0 halberd!
You feel drained. The wight barely misses you.
You barely miss the wight.
The wight is severely damaged.
The wight closely misses you. x2
You hit the wight. You burn the wight.
The wight is almost destroyed.
The wight hits you from afar with a +0 halberd!
* * * LOW HITPOINT WARNING * * *
Unknown command.
You slash the wight! You burn the wight.
You destroy the wight!
Okawaru accepts your kill. The wight barely misses you.
The wight hits you but does no damage.
Found a stone staircase leading down.
Things that are here:
a +5 halberd; a +0 robe; a book of Cantrips You hit the wight.
You burn the wight.
The wight is moderately damaged.
You hit the wight. You burn the wight.
The wight is heavily damaged.
The wight hits you with a +0 halberd!
* * * LOW HITPOINT WARNING * * *
You feel drained.
You die...

#.##.♣_....####
#..#..).......#
####....(.(##.#
##########.# #
##.# #. #..#
#.#######.###
.####...).......#
......z@.######.#
#....###)# .#
>.## #.# .# #.#
.# (.. .# #.. .#
#... .# #.##


You could see a wight.

Vanquished Creatures
  Purgy (Sewer)
  2 ice beasts
  2 sky beasts
  A black bear (D:4)
  A hornet zombie (D:7)
  A necrophage (D:5)
  An ogre (D:7)
  Blork the orc (D:5)
  2 wyvern zombies
  2 gnoll sergeants
  A scorpion (D:6)
  3 bullfrogs
  A water moccasin zombie (D:6)
  8 killer bees
  7 wights (D:8)
  A howler monkey (D:6)
  A centaur zombie (D:7)
  Crazy Yiuf (D:7)
  2 bullfrog skeletons
  2 centaur skeletons
  2 hounds
  3 iguanas
  2 orc wizards
  A hound skeleton (D:5)
  7 adders
  8 gnolls
  An ufetubus (D:6)
  3 worms
  3 dart slugs
  18 orcs
  2 bats
  8 endoplasms
  5 giant cockroaches
  8 goblins
  3 hobgoblins
  6 jackals (D:3)
  5 quokkas
  8 ball pythons
  9 frilled lizards
  3 kobolds
  5 rats
151 creatures vanquished.

Vanquished Creatures (collateral kills)
  A wyvern (D:8)
  An ogre (D:5)
  A water moccasin skeleton (D:6)
  A wight (D:8)
  A howler monkey skeleton (D:7)
  An orc (D:6)
6 creatures vanquished.

Grand Total: 157 creatures vanquished

Notes
Turn   | Place    | Note
-------+----------+-------------------------------------------
     0 | D:1      | Glokmah the Demonspawn Monk began the quest for the Orb.
     0 | D:1      | Reached XP level 1. HP: 18/18 MP: 1/1
   344 | D:1      | Reached skill level 3 in Axes
   427 | D:1      | Gained mutation: You are partially covered in razor-sharp
                  | scales. (AC +1, Slay +1) [demonic ancestry]
   427 | D:1      | Reached XP level 2. HP: 19/24 MP: 2/2
   698 | D:1      | Found a faded altar of an unknown god.
  1183 | D:2      | Found Mittagar's General Store.
  1289 | D:2      | Reached XP level 3. HP: 18/29 MP: 3/3
  2723 | D:3      | Reached skill level 4 in Axes
  2723 | D:3      | Reached XP level 4. HP: 37/37 MP: 4/4
  3337 | D:3      | Reached XP level 5. HP: 40/42 MP: 5/5
  4311 | D:4      | Noticed a black bear
  4356 | D:4      | Killed a black bear
  4357 | D:4      | Reached skill level 5 in Axes
  4357 | D:4      | Reached XP level 6. HP: 42/49 MP: 6/6
  4561 | D:5      | Entered Level 5 of the Dungeon
  4565 | D:5      | Identified a scroll of acquirement
  4565 | D:5      | Acquired 450 gold pieces
  4639 | D:5      | Noticed a sky beast
  4651 | D:5      | Killed a sky beast
  4740 | D:5      | Found a glowing drain.
  4749 | Sewer    | Entered a sewer
  4774 | Sewer    | Noticed Purgy
  4851 | Sewer    | Killed Purgy
  4852 | Sewer    | Reached skill level 5 in Fighting
  4852 | Sewer    | Reached skill level 6 in Axes
  5144 | D:5      | Learned a level 3 spell: Frozen Ramparts
  5176 | D:5      | Noticed Blork the orc
  5187 | D:5      | Killed Blork the orc
  5188 | D:5      | Gained mutation: A weak demonic guardian rushes to your
                  | aid. [demonic ancestry]
  5188 | D:5      | Reached XP level 7. HP: 26/56 MP: 7/7
  5250 | D:5      | Found a hazy altar of Hepliaklqana.
  5309 | D:5      | Reached skill level 1 in Ice Magic
  5387 | D:5      | Reached skill level 1 in Spellcasting
  5469 | D:5      | Found an opulent altar of Gozag.
  5865 | D:6      | Found a shadowy altar of Dithmenos.
  5866 | D:6      | Found a sacrificial altar of Ru.
  5878 | D:6      | Reached XP level 8. HP: 49/63 MP: 10/10
  5908 | D:6      | Found a runed translucent gate.
  5908 | D:6      | Found a runed translucent gate.
  5908 | D:6      | Found a runed translucent gate.
  5909 | D:6      | Found an opulent altar of Gozag.
  5910 | D:6      | Noticed Froggeryz's ghost (novice OpTm)
  6053 | D:6      | Reached skill level 7 in Axes
  6714 | D:7      | Found a snail-covered altar of Cheibriados.
  7204 | D:7      | Found a staircase to the Ecumenical Temple.
  7212 | Temple   | Entered the Ecumenical Temple
  7354 | Temple   | Became a worshipper of Warmaster Okawaru
  7354 | Temple   | Reached * piety under Okawaru
  7354 | Temple   | Reached ** piety under Okawaru
  7560 | D:7      | Reached skill level 1 in Invocations
  7569 | D:7      | HP: 3/64 [poisoned by a killer bee]
  7753 | D:7      | Gained mutation: You regenerate magic rapidly. [demonic
                  | ancestry]
  7753 | D:7      | Reached XP level 9. HP: 33/70 MP: 13/13
  7809 | D:7      | Found a sparkling altar of Nemelex Xobeh.
  7828 | D:7      | Reached skill level 8 in Axes
  8007 | D:7      | Found a runed translucent door.
  8008 | D:7      | Noticed Crazy Yiuf
  8014 | D:7      | Killed Crazy Yiuf
  8140 | D:8      | Reached skill level 5 in Ice Magic
  8230 | D:8      | Found an ancient bone altar of Kikubaaqudgha.
  8593 | D:8      | Found a shimmering blue altar of Sif Muna.
  8702 | D:8      | Found an ornate altar of the Wu Jian Council.
  8750 | D:8      | HP: 3/65 [wight/+0 halberd (14)]
  8750 | D:8      | Slain by a wight

Illustrated notes

Levels and vault maps discovered:
D:1:      psy_arrival_dodecagon, layout_basic, chequers_ecumenical_altar_simple,
          nrook_uturn
D:2:      layout_loops_ring, serial_shops, shop, chequers_serial_rivers_room_a
D:3:      layout_loops_cross, kennysheep_generic_room_15
D:4:      layout_layer_cave
D:5:      layout_loops_ring, nicolae_hepliaklqana_hippocampus,
          nicolae_gozag_seed_capital, gup_sewer_entry_bubbles,
          serial_park_tiny_1, uniq_blork_the_orc
D:6:      layout_loops_cross, chequers_temple_overflow_statue_of_worship,
          ebering_ghost_gozag
D:7:      layout_loops_ring, kennysheep_slug_shrine, nemelex_dance_club_becter,
          lemuel_doored_altar, temple_statues, kennysheep_doodads,
          uniq_crazy_yiuf_cottage
D:8:      layout_loops_ring, kennysheep_mini, nzn_wu_jian_contemplation,
          led_sif_book, amcnicky_altar_gilded
Temple:   nicolae_temple_figure_zero

Skill      XL: |  1  2  3  4  5  6  7  8  9 |
---------------+----------------------------+-----
Axes           | 3 4 5 6 7 8 |  8.5
Fighting       | 4 5 6 |  6.8
Ice Magic      | 2 4 5 |  5.5
Spellcasting   | 1 3 |  3.0
Invocations    | 2 4 |  4.6
Dodging        | |  2.6
Stealth        | |  1.7

Action                   |  1- 3 |  4- 6 |  7- 9 || total
-------------------------+-------+-------+-------++-------
Melee: Hand axe          |   133 |   180 |   406 ||   719
       Punch             |       |       |     2 ||     2
Throw: Dart              |       |    32 |    22 ||    54
       Javelin           |       |       |     2 ||     2
 Cast: Frozen Ramparts   |       |       |    18 ||    18
Invok: Heroism           |       |       |     2 ||     2
Evoke: Wand              |       |       |     7 ||     7
  Use: Scroll            |       |     7 |     1 ||     8
       Potion            |       |       |     1 ||     1
 Stab: Sleeping          |     2 |       |     2 ||     4
Armor: Leather armour    |     3 |       |       ||     3
       Robe              |     1 |       |       ||     1
       Scale mail        |    38 |   102 |       ||   140
       Troll leather arm |       |     1 |   139 ||   140
Dodge: Dodged            |    74 |    92 |   267 ||   433

Table legend: (Time is in decaauts)
 A = Elapsed time spent in this place.
 B = Non-inter-level travel time spent in this place.
 C = Inter-level travel time spent in this place.
 D = Time resting spent in this place.
 E = Time spent auto-exploring this place.
 F = Levels seen in this place.
 G = Mean time per level.
                   A        B        C        D        E       F      G
               +--------+--------+--------+--------+--------+-----+--------+
         Total |   8763 |   8112 |    651 |    356 |   5548 |  10 |  876.3 |
       Dungeon |   8228 |   7616 |    612 |    356 |   5256 |   8 | 1028.5 |
        Temple |    155 |    116 |     39 |      0 |    113 |   1 |  155.0 |
         Sewer |    378 |    378 |      0 |      0 |    179 |   1 |  378.0 |
               +--------+--------+--------+--------+--------+-----+--------+

Top non-repeatable levels by time:
     D:2: 1388 daAuts
     D:7: 1275 daAuts
     D:1: 1229 daAuts
     D:4: 1132 daAuts
     D:3: 891 daAuts
     D:6: 883 daAuts
     D:5: 873 daAuts
     D:8: 553 daAuts
   Sewer: 378 daAuts
  Temple: 155 daAuts
